 Dungeon Crawl Stone Soup version 0.20-a0-1015-g2ec8a95 (webtiles) character file.

232 kuniqs the Skirmisher (level 6, -6/52 HPs)
             Began as a Gnoll Fighter on Apr 15, 2017.
             Was an Initiate of Okawaru.
             Killed by divine providence
             ... invoked by an orc priest
              (12 damage)
             ... on level 3 of the Dungeon.
             The game lasted 00:04:19 (1947 turns).

kuniqs the Skirmisher (Gnoll Fighter)               Turns: 1947, Time: 00:04:20

Health: -6/52      AC:  8    Str: 15    XL:     6   Next: 4%
Magic:  6/6        EV:  9    Int:  9    God:    Okawaru [......]
Gold:   95         SH: 10    Dex: 15    Spells: 5/5 levels left

rFire    . . .     SeeInvis .   a - +0 rapier
rCold    . . .     Gourm    .   c - +0 shield
rNeg     . . .     Faith    .   b - +0 scale mail
rPois    .         Spirit   .   p - +0 helmet (curse)
rElec    .         Reflect  .   (no cloak)
rCorr    .         Harm     .   (no gloves)
MR       .....                  (no boots)
Stlth    ..........             (no amulet)
Regen    0.2/turn               j - ring of flight
MPRegen  0.1/turn               (no ring)

@: lethally poisoned (-6 -> -8)
A: short attention span, fangs 1, strong nose
a: Renounce Religion, Evoke Flight


You were on level 3 of the Dungeon.
You worshipped Okawaru.
Okawaru was noncommittal.
You were not hungry.

You visited 1 branch of the dungeon, and saw 3 of its levels.

You collected 95 gold pieces.

Inventory:

Hand Weapons
 a - a +0 rapier (weapon)
 q - a +0 dagger of protection
Missiles
 o - 3 javelins (quivered)
Armour
 b - a +0 scale mail (worn)
 c - a +0 shield (worn)
 p - a cursed +0 helmet (worn)
Jewellery
 j - a ring of flight (left hand)
 m - an uncursed ring of fire
Wands
 t - a wand of iceblast (8/15)
Scrolls
 k - a scroll of fog
Potions
 h - 2 potions of might
 l - a potion of ambrosia {unknown}
 n - a potion of lignification
 r - 2 potions of berserk rage {unknown}
 s - a potion of resistance {unknown}
Comestibles
 d - 2 bread rations
 e - 4 meat rations
 f - a fruit
 g - 8 chunks of flesh
 i - a royal jelly


   Skills:
 + Level 5.7 Fighting
 + Level 4.6 Short Blades
 + Level 1.9 Throwing
 + Level 5.5 Armour
 + Level 3.0 Dodging
 + Level 5.6 Shields
 + Level 1.3 Invocations


You had 5 spell levels left.
You didn't know any spells.

Dungeon Overview and Level Annotations

Branches:
Dungeon (3/15)

Altars:
Kikubaaqudgha
Okawaru
Zin

Annotations:
D:2 Natasha, Sigmund


Innate Abilities, Weirdness & Mutations

You have a short attention span.
You have very sharp teeth.
Your uncanny sense of smell can sniff out nearby items.


Message History

You block the rat's attack.
The orc priest mumbles some strange prayers to Beogh against you.
Pain shoots through your body!
You closely miss the orc priest.
You feel sick. The orc hits you with a falchion.
* * * LOW HITPOINT WARNING * * *
You block the orc's attack. The rat closely misses you.
The orc priest hits you with a hand axe.
* * * LOW HITPOINT WARNING * * *
Some of the chunks of flesh in your inventory have rotted away.
You hit the orc priest. You block the orc's attack. The orc barely misses you.
The rat bites you but does no damage. You block the orc priest's attack.
You feel sick. You block the orc's attack.
You feel sick.
The orc hits the withered plant but does no damage.
You feel sick.
Okay, then.
The orc priest mumbles some strange prayers to Beogh against you.
Beogh smites you!
You die...

......#
#...#._..##...#
......#
#.#.#...)#...P#
......# #<#.#...o..P.#
....>.# #÷#.#.#.oP.P.#
###.#.##
#.#.###Po...##
#.###.####.#....P.####
#.# ##.....#####r.# ..
##.##########.## #
#...........@.#
#..############# #..
#.. #.. #.. ##. ∆


You could see an orc priest, 2 orcs and a rat.

Vanquished Creatures
  An orc wizard (D:3)
  Natasha (twice) (D:2)
  Robin (D:1)
  6 adders
  An ooze (D:2)
  2 worms (D:2)
  A dart slug (D:1)
  2 leopard geckos
  An orc (D:3)
  3 ball pythons
  6 bats
  2 giant cockroaches
  17 goblins
  9 hobgoblins
  7 kobolds
  A frilled lizard (D:2)
  7 rats
69 creatures vanquished.

Notes
Turn   | Place    | Note
-------+----------+-------------------------------------------
     0 | D:1      | kuniqs the Gnoll Fighter began the quest for the Orb.
     0 | D:1      | Reached XP level 1. HP: 20/20 MP: 1/1
   142 | D:1      | Reached skill level 1 in Dodging
   142 | D:1      | Reached XP level 2. HP: 16/26 MP: 2/2
   572 | D:1      | Reached skill level 5 in Fighting
   572 | D:1      | Reached XP level 3. HP: 31/33 MP: 3/3
  1252 | D:2      | Found a glowing silver altar of Zin.
  1278 | D:2      | Noticed Natasha
  1278 | D:2      | Found an iron altar of Okawaru.
  1278 | D:2      | Noticed Robin
  1297 | D:2      | Reached XP level 4. HP: 37/39 MP: 4/4
  1315 | D:2      | Killed Natasha
  1315 | D:2      | Reached skill level 5 in Shields
  1429 | D:1      | Killed Robin
  1429 | D:1      | Reached skill level 5 in Armour
  1446 | D:1      | Reached XP level 5. HP: 41/44 MP: 5/5
  1502 | D:2      | Became a worshipper of Warmaster Okawaru
  1560 | D:2      | Noticed Natasha
  1568 | D:2      | Killed Natasha
  1568 | D:2      | Reached skill level 1 in Throwing
  1649 | D:2      | Reached skill level 1 in Invocations
  1661 | D:2      | Noticed Natasha
  1665 | D:2      | Noticed Sigmund
  1923 | D:3      | Found an ancient bone altar of Kikubaaqudgha.
  1937 | D:3      | Reached XP level 6. HP: 50/52 MP: 6/6
  1947 | D:3      | Killed from afar by an orc priest

Vault maps used:
D:1:      nagdon_arrival_double_spiral, serial_co_window_serial,
          co_window_cross_1, co_window_cross_1, co_window_of_opportunity_a,
          co_window_paths_a, co_window_paths_a, co_window_of_opportunity_b,
          co_window_broadway_c, co_window_broadway_a, co_window_unsneaky_path_a,
          co_window_of_opportunity_c, co_window_broadway_a, glass_columns_c,
          glass_columns_b, glass_columns_b, glass_columns_b
D:2:      zin_statuary, okawaru_gym_becter, columned_hall_lemuel, uniq_sigmund,
          uniq_robin, uniq_natasha
D:3:      kiku_gazebo_garden_becter, lemuel_crystal_altar, led_sif_pool,
          first_bread

Skill      XL: |  1  2  3  4  5 |
---------------+----------------+-----
Dodging        | 1 2 3 |  3.0
Fighting       | 5 |  5.7
Short Blades   | 4 |  4.6
Shields        | 5 |  5.6
Armour         | 5 |  5.5
Throwing       | 1 |  1.9
Invocations    | 1 |  1.3

Action                   |  1- 3 |  4- 6 || total
-------------------------+-------+-------++-------
Melee: Rapier            |   113 |   136 ||   249
       Bite              |     8 |    15 ||    23
Evoke: Wand              |       |     1 ||     1
  Use: Scroll            |       |     8 ||     8
  Eat: Chunk             |     1 |     3 ||     4
Armor: Scale mail        |    43 |    46 ||    89
Dodge: Dodged            |    30 |    51 ||    81
Block: Shield            |    52 |    63 ||   115
